 Dungeon Crawl Stone Soup version 0.29-a0-82-g837932c90e (webtiles) character file.

Game seed: 11467058261090385471

490 siradein the Cudgeller (level 6, -1/62 HPs)
             Began as a Troll Berserker on Feb 4, 2022.
             Was an Elder of Trog.
             Slain by Pikel (20 damage)
             ... on level 3 of the Dungeon.
             The game lasted 00:05:33 (2624 turns).

siradein the Cudgeller (Troll Berserker)            Turns: 2624, Time: 00:05:34

Health: -1/62      AC:  7    Str: 26    XL:     6   Next: 90%
Magic:  5/5        EV: 10    Int:  3    God:    Trog [****..]
Gold:   75         SH:  0    Dex: 11    Spells: 5/5 levels left

rFire   . . .      SeeInvis .   a - +0 mace
rCold   . . .      Faith    .   (no shield)
rNeg    . . .      Spirit   .   t - +0 troll leather armour {Pargi}
rPois   .          Reflect  .   (helmet restricted)
rElec   .          Harm     .   e - +0 cloak
rCorr   .          Rampage  .   (gloves unavailable)
Will    .....                   (boots unavailable)
Stlth   +.........              (no amulet)
HPRegen 1.80/turn               (no ring)
MPRegen 0.09/turn               (no ring)

@: no status effects
A: large, unfitting armour, claws 3, regeneration 1, shaggy fur 1, tough skin 1
a: Renounce Religion, Berserk, Trog's Hand, Brothers in Arms


You were on level 3 of the Dungeon.
You worshipped Trog.
Trog was greatly pleased with you.
You visited 1 branch of the dungeon, and saw 4 of its levels.

You collected 75 gold pieces.

Inventory:

Hand Weapons
 a - a +0 mace (weapon)
Missiles
 p - 4 large rocks
 r - 5 poisoned darts (quivered)
Armour
 e - a +0 cloak (worn)
 t - a +0 troll leather armour (worn) {Pargi}
Wands
 u - a wand of polymorph (14)
Scrolls
 b - a scroll of brand weapon {unknown}
 c - a scroll of immolation {unknown}
 f - a scroll of fear {unknown}
 g - 3 scrolls of identify {unknown}
 n - a scroll of enchant weapon {unknown}
 o - a scroll of vulnerability {unknown}
 s - a scroll of magic mapping {unknown}
 v - a scroll of teleportation {unknown}
Potions
 d - 2 potions of might {unknown}
 h - a potion of heal wounds {unknown}
 i - a potion of mutation {unknown}
 j - a potion of attraction {unknown}
 k - 3 potions of degeneration {unknown}
 l - a potion of resistance {unknown}
 m - 2 potions of curing
 q - 2 potions of haste


   Skills:
 + Level 4.2 Fighting
 + Level 4.6 Maces & Flails
 + Level 4.2 Dodging


You had 5 spell levels left.
You didn't know any spells.
Your spell library was empty.

Dungeon Overview and Level Annotations

Branches:
Dungeon (4/15)
 Temple: D:4-7

Altars:
Cheibriados
The Shining One

Annotations:
D:3 Pikel


Innate Abilities, Weirdness & Mutations

You are too large for most types of armour.
You have claws for hands.
Your natural rate of healing is unusually fast.
You are covered in fur. (AC +1)
You have tough skin. (AC +1)


Message History

You start resting.
HP restored.
You climb downwards.
Level annotation: Pikel The lemure barely misses you.
Pikel barely misses you.
There is a stone staircase leading up here.
You hit Pikel but do no damage.
Pikel is moderately wounded.
The lemure closely misses you. Pikel completely misses you.
You barely miss Pikel. Your claw misses Pikel.
Pikel is moderately wounded.
The lemure barely misses you.
Pikel hits you with a +2 whip of electrocution.
The lemure hits you. The lemure barely misses you.
You hit Pikel. You claw Pikel!
Pikel is severely wounded.
Pikel hits you with a +2 whip of electrocution.
The lemure hits you. The lemure barely misses you.
Pikel hits you but does no damage. The lemure closely misses you.
Pikel hits you with a +2 whip of electrocution.
You climb upwards.
There is a stone staircase leading down here.
You completely miss Pikel.
Pikel is severely wounded.
The lemure hits you. The lemure barely misses you. Pikel barely misses you.
The lemure hits you but does no damage.
You completely miss Pikel.
Pikel is severely wounded.
The lemure hits you. Pikel barely misses you. The lemure barely misses you.
You hit Pikel but do no damage. Your claw misses Pikel.
Pikel is severely wounded.
The lemure hits you! Pikel hits you but does no damage.
You are electrocuted!
The lemure hits you.
You barely miss Pikel.
Pikel is severely wounded.
The lemure hits you but does no damage.
Pikel hits you with a +2 whip of electrocution.
You are electrocuted!!
You die...

.#.#...#.......##......^# #.###
.#...#.###.######.......# #.#
.##.#..#.#.######.......# #.###
.###..##........).......# #...#
.##..#.#.)....###.......# ###.#
.#..#..#.#)##.# #.......# #.#
.#.#...#.#.##.# #.......# #.#
÷##..###.#.##.########### #.#
..##_##........5@# #.#
..#####..#.#...K5############.#
....# #...................†...#
..#.# #.##.......##############
###.# #.####.....# ....#
#.#####.#### ##..# #.......#
##..########### ....†.#


You could see Pikel and 2 lemures.

Vanquished Creatures
  Pargi (D:4)
  A gnoll sergeant (D:2)
  A hound (D:2)
  Natasha (thrice) (D:2)
  An iguana (D:3)
  An orc wizard (D:4)
  Robin (D:2)
  2 adders (D:2)
  5 gnolls
  A worm (D:2)
  A dart slug (D:4)
  5 orcs
  6 ball pythons
  9 bats
  9 endoplasms
  4 giant cockroaches
  13 goblins
  10 hobgoblins
  2 jackals (D:2)
  A quokka (D:1)
  2 frilled lizards
  10 kobolds
  10 rats
99 creatures vanquished.

Notes
Turn   | Place    | Note
-------+----------+-------------------------------------------
     0 | D:1      | siradein the Troll Berserker began the quest for the Orb.
     0 | D:1      | Reached XP level 1. HP: 22/22 MP: 0/0
    82 | D:1      | Found a faded altar of an unknown god.
   112 | D:1      | Reached XP level 2. HP: 25/29 MP: 1/1
   367 | D:1      | Reached ** piety under Trog
   403 | D:1      | Reached XP level 3. HP: 36/36 MP: 2/2
   719 | D:2      | Found a snail-covered altar of Cheibriados.
   746 | D:2      | Noticed Robin
   770 | D:2      | Killed Robin
   771 | D:2      | Reached XP level 4. HP: 37/45 MP: 3/3
  1034 | D:2      | Reached *** piety under Trog
  1094 | D:2      | Noticed Natasha
  1105 | D:2      | Killed Natasha
  1106 | D:2      | Reached XP level 5. HP: 50/53 MP: 4/4
  1249 | D:2      | Noticed Natasha
  1355 | D:2      | Killed Natasha
  1366 | D:2      | Noticed Natasha
  1373 | D:2      | Killed Natasha
  1588 | D:2      | Reached XP level 6. HP: 51/62 MP: 5/5
  2170 | D:3      | Found a glowing golden altar of the Shining One.
  2219 | D:4      | Noticed Pargi
  2233 | D:4      | Reached **** piety under Trog
  2277 | D:4      | Killed Pargi
  2494 | D:4      | Noticed Pikel
  2624 | D:3      | Slain by Pikel

Illustrated notes

Levels and vault maps discovered:
D:1:      co_arrival_random_square_maze, layout_basic,
          hellmonk_ecumenical_altar_heavens_door
D:2:      layout_loops_cross, basic_altar, uniq_robin, uniq_natasha
D:3:      layout_loops_cross, marbit_many_paths
D:4:      layout_basic, lemuel_tele_altar, zin_purify, nzn_random_ring,
          uniq_pikel, uniq_pargi, uniq_eustachio

Skill      XL: |  1  2  3  4  5  6 |
---------------+-------------------+-----
Maces & Flails | 3 4 |  4.6
Fighting       | 3 4 |  4.2
Dodging        | 3 4 |  4.2

Action                   |  1- 3 |  4- 6 || total
-------------------------+-------+-------++-------
Melee: Mace              |   129 |   236 ||   365
       Punch             |     1 |     4 ||     5
Invok: Berserk           |       |     1 ||     1
 Stab: Sleeping          |       |     1 ||     1
Armor: Animal skin       |    85 |    81 ||   166
       Troll leather arm |       |    19 ||    19
Dodge: Dodged            |    99 |   172 ||   271

Table legend: (Time is in decaauts)
 A = Elapsed time spent in this place.
 B = Non-inter-level travel time spent in this place.
 C = Inter-level travel time spent in this place.
 D = Time resting spent in this place.
 E = Time spent auto-exploring this place.
 F = Levels seen in this place.
 G = Mean time per level.
                   A        B        C        D        E       F      G
               +--------+--------+--------+--------+--------+-----+--------+
         Total |   2733 |   2670 |     63 |    123 |   1517 |   4 |  683.2 |
       Dungeon |   2733 |   2670 |     63 |    123 |   1517 |   4 |  683.2 |
               +--------+--------+--------+--------+--------+-----+--------+

Top non-repeatable levels by time:
     D:2: 1063 daAuts
     D:3: 664 daAuts
     D:1: 579 daAuts
     D:4: 425 daAuts
